Senators vs Wiprows (R1)

Created - 20 décembre 2014 at 23:51

Goals
1 2 3 T
Senators 2 6 1 9
Wiprows 2 0 3 5
Shots
1 2 3 T
Senators 14 12 22 48
Wiprows 13 9 11 33

1st period

1. Wiprows , T.J. Oshie 13 (Thomas Hickey, Nazem Kadri) at 2:39
2. Senators , Stanislav Chistov 25 (Rob Niedermayer) at 6:21
3. Wiprows , Nick Bonino 23 (Drayson Bowman) at 12:35
4. Senators , Jack Skille 12 (Shane Sims, Brett Sterling) at 19:38

Penalties :
Jordan Szwarz (Win) for Elbowing (Minor) at 13:51

2nd period

5. Senators , Sergei Kostitsyn 25 (Steven Goertzen, Rob Niedermayer) at 3:22
6. Senators , Zack Kassian 3 (Gabriel Bourque, Shane Sims) at 4:18
7. Senators , Steven Goertzen 14 (Josh Hennessy, Sergei Kostitsyn) at 7:06
8. Senators , Sergei Kostitsyn 26 (Steven Goertzen, Milan Jurcina) at 7:36
9. Senators , Stanislav Chistov 26 (Niklas Hagman, Rob Niedermayer) at 8:25 (PP)
10. Senators , Niklas Hagman 16 (Vladimir Mihalik, Rob Niedermayer) at 18:01

Penalties :
Milan Jurcina (BIN) for Tripping (Minor) at 4:49, Linden Vey (Win) for Holding (Minor) at 8:12, Jordan Szwarz (Win) for Roughing (Minor) at 9:15, Kevin Connauton (Win) for Roughing (Minor) at 11:59, Steven Goertzen (BIN) for Diving (Minor) at 15:42, Alec Martinez (Win) for Fighting (Major) at 17:55, Jack Skille (BIN) for Fighting (Major) at 17:55

3rd period

11. Senators , Rob Niedermayer 16 (Milan Jurcina, Niklas Hagman) at 1:40 (PP)
12. Wiprows , Drayson Bowman 15 (Nick Bonino, Arturs Kulda) at 10:01
13. Wiprows , Jonathan Tremblay 8 (Thomas Hickey, Kevin Connauton) at 13:23
14. Wiprows , Jonathan Tremblay 9 (Matt Donovan, Maxime Macenauer) at 15:02

Penalties :
Nick Bonino (Win) for Hooking (Minor) at 1:22, Nick Bonino (Win) for Holding (Minor) at 10:20, Cody Hodgson (BIN) for Holding (Minor) at 17:52

Goalie Stats

Jacob Markstrom (BIN), 28 saves from 33 shots - (0,848), W, 9-14-3, 60:00 minutes
Al Montoya (Win), 16 saves from 21 shots - (0,762), 27:06 minutes
Thomas McCollum (Win), 23 saves from 27 shots - (0,852), L, 2-4-0, 32:54 minutes

Players Stats for Senators

Player Name              G  A  P  +/- PIM S  H  SB GA TA FO     MP     PP MP  PK MP  
------------------------------------------------------------------------------------
Brett Sterling           0  1  1   1  0   2  0  1  0  0  0/0    10:59   0:14   1:19 
Cody Hodgson             0  0  0   1  2   3  1  0  2  0  2/10    9:51   0:00   0:45 
Erik Haula               0  0  0  -1  0   0  0  1  0  0  1/8     7:45   0:00   0:34 
Erik Karlsson            0  0  0   0  0   1  0  2  0  0  0/0    20:41   2:56   2:24 
Gabriel Bourque          0  1  1  -1  0   0  0  0  1  0  0/0     7:01   0:00   0:00 
Jack Skille              1  0  1   1  5   4  2  0  0  1  0/0     8:46   0:14   0:00 
Josh Hennessy            0  1  1   2  0   0  2  2  0  0  6/15   17:30   3:42   1:33 
Logan Stephenson         0  0  0   0  0   0  3  0  0  1  0/0    20:54   2:56   2:27 
Milan Jurcina            0  2  2   0  2   3  3  1  0  4  0/0    28:19   5:31   2:13 
Niklas Hagman            1  2  3   0  0   7  1  0  2  1  0/0    24:30   4:31   3:05 
Rob Niedermayer          1  4  5   0  0   5  4  0  1  0  23/40  24:30   4:31   3:05 
Sergei Kostitsyn         2  1  3   2  0   4  1  1  0  0  1/1    15:45   3:42   0:00 
Shane Sims               0  2  2   2  0   0  0  0  0  1  0/0     9:39   0:00   0:00 
Stanislav Chistov        2  0  2   0  0   11 0  0  1  0  1/2    23:10   4:31   1:33 
Steven Goertzen          1  2  3   2  2   3  0  0  0  0  1/1    15:55   3:42   0:00 
Tyson Barrie             0  0  0   2  0   0  1  0  0  0  0/0    10:56   0:00   1:17 
Vladimir Mihalik         0  1  1   0  0   1  6  3  1  0  0/0    29:40   5:31   3:33 
Zack Kassian             1  0  1  -1  0   4  1  0  0  0  0/0     8:08   0:14   0:00 

Players Stats for Wiprows

Player Name              G  A  P  +/- PIM S  H  SB GA TA FO     MP     PP MP  PK MP  
------------------------------------------------------------------------------------
Alec Martinez            0  0  0  -2  5   2  0  0  0  1  0/0    18:14   0:00   5:04 
Arturs Kulda             0  1  1  -2  0   1  3  3  0  1  0/0    22:42   0:37   5:22 
Brandon Bollig           0  0  0  -1  0   2  2  0  1  0  0/0    11:56   0:00   4:26 
Drayson Bowman           1  1  2  -3  0   4  0  0  0  0  0/0    17:18   2:45   0:31 
Jesse Winchester         0  0  0  -1  0   1  2  0  1  1  5/17   12:51   0:06   4:40 
Jiri Tlusty              0  0  0   1  0   1  1  0  1  0  1/2    18:38   3:06   0:00 
Jonathan Tremblay        2  0  2   1  0   2  1  0  1  0  0/1    11:51   0:00   3:30 
Jordan Szwarz            0  0  0  -1  4   0  0  0  0  0  0/0     9:28   0:06   0:00 
Kevin Connauton          0  1  1   3  2   0  0  1  1  0  0/0    15:01   2:31   0:00 
Linden Vey               0  0  0  -3  2   2  0  0  0  0  1/1    16:09   2:45   0:00 
Matt Beleskey            0  0  0   1  0   1  0  0  0  0  0/0     7:02   0:06   0:00 
Matt Donovan             0  1  1  -3  0   1  1  0  0  1  0/0    22:48   3:08   3:23 
Matt Taormina            0  0  0  -3  0   3  3  2  0  2  0/0    25:15   2:49   3:05 
Maxime Macenauer         0  1  1   1  0   0  0  0  0  0  1/5    11:51   0:00   3:30 
Nazem Kadri              0  1  1   1  0   3  1  1  2  1  21/30  19:08   3:06   0:17 
Nick Bonino              1  1  2  -3  4   3  1  0  1  1  13/21  16:32   2:45   0:00 
T.J. Oshie               1  0  1   1  0   6  4  0  0  0  0/0    18:38   3:06   0:00 
Thomas Hickey            0  2  2   3  0   1  3  0  0  0  0/0    16:04   2:49   0:00 

3 Stars

1 - Rob Niedermayer (BIN)
2 - Sergei Kostitsyn (BIN)
3 - Jonathan Tremblay (Win)

Power Play

Senators - 2 on 6 Attempt(s) - 33,33%
Wiprows - 0 on 3 Attempt(s) - 0,00%

Penalty Kill

Senators - 3 on 3 Attempt(s) - 100,00% - Score 0 goal in Penalty Kill
Wiprows - 4 on 6 Attempt(s) - 66,67% - Score 0 goal in Penalty Kill

Official

Referees : Devorski Paul and Marouelli Dan
Linesman : Jay Sharrers and Mark Pare

Game Notes

19:38 of 1st period - Senators goal is going for a video replay. After video review, Goal.
Thomas McCollum enters game at 7:06 of 2nd period
Alec Martinez and Jack Skille fight to a draw at 17:55 of 2nd period

Finance

Level 1 -- Attendance: 1484 (74,20%) -- Ticket Income 47 488 $
Level 2 -- Attendance: 702 (70,20%) -- Ticket Income 12 636 $
Total Attendance: 2186 (72,87%)
Total Ticket Income: 60 124 $
Other Income: 3 006 $
Total Income: 63 130 $

Senators

5 vs 5 Forward 
   Center                   Left Wing                Right Wing               Time % Phy DF OF 
 1 Rob Niedermayer          Niklas Hagman            Stanislav Chistov        39     1   2  2  
 2 Josh Hennessy            Sergei Kostitsyn         Steven Goertzen          29     1   2  2  
 3 Cody Hodgson             Brett Sterling           Jack Skille              19     1   2  2  
 4 Erik Haula               Gabriel Bourque          Zack Kassian             13     1   2  2  

5 vs 5 Defense 
   Defense                  Defense                                           Time % Phy DF OF 
 1 Vladimir Mihalik         Milan Jurcina                                     40     1   2  2  
 2 Logan Stephenson         Erik Karlsson                                     30     1   2  2  
 3 Shane Sims               Tyson Barrie                                      20     1   2  2  
 4 Vladimir Mihalik         Milan Jurcina                                     10     1   2  2  

PowerPlay Forward 
   Center                   Left Wing                Right Wing               Time % Phy DF OF 
 1 Rob Niedermayer          Niklas Hagman            Stanislav Chistov        60     1   2  2  
 2 Josh Hennessy            Sergei Kostitsyn         Steven Goertzen          40     1   2  2  

PowerPlay Defense
   Defense                  Defense                                           Time % Phy DF OF 
 1 Vladimir Mihalik         Milan Jurcina                                     60     1   2  2  
 2 Logan Stephenson         Erik Karlsson                                     40     1   2  2  

Penalty Kill 4 Players Forward 
   Center                   Wing                     Time % Phy DF OF 
 1 Rob Niedermayer          Niklas Hagman            60     1   2  2  
 2 Josh Hennessy            Stanislav Chistov        40     1   2  2  

Penalty Kill 4 Players Defense
   Defense                  Defense                  Time % Phy DF OF 
 1 Vladimir Mihalik         Milan Jurcina            60     1   2  2  
 2 Logan Stephenson         Erik Karlsson            40     1   2  2  

Penalty Kill - 3 Players Forward 
   Forward                                           Time % Phy DF OF 
 1 Rob Niedermayer                                   60     1   2  2  
 2 Niklas Hagman                                     40     1   2  2  

Penalty Kill - 3 Players Defense
   Defense                  Defense                  Time % Phy DF OF 
 1 Vladimir Mihalik         Milan Jurcina            60     1   2  2  
 2 Logan Stephenson         Erik Karlsson            40     1   2  2  

4 vs 4 Forward 
   Center                   Wing                     Time % Phy DF OF 
 1 Rob Niedermayer          Niklas Hagman            60     1   2  2  
 2 Josh Hennessy            Stanislav Chistov        40     1   2  2  

4 vs 4 Defense
   Defense                  Defense                  Time % Phy DF OF 
 1 Vladimir Mihalik         Milan Jurcina            60     1   2  2  
 2 Logan Stephenson         Erik Karlsson            40     1   2  2  

Last Minutes Offensive
   Center                   Left Wing                Right Wing               Defense                  Defense                  
   Rob Niedermayer          Niklas Hagman            Stanislav Chistov        Vladimir Mihalik         Milan Jurcina            

Last Minutes Defensive
   Center                   Left Wing                Right Wing               Defense                  Defense                  
   Rob Niedermayer          Niklas Hagman            Stanislav Chistov        Vladimir Mihalik         Milan Jurcina            

Goaltenders
Starting : Jacob Markstrom          
Backup : Alexander Salak          

Extra Forwards
Normal : Jack Skille, Brett Sterling, Cody Hodgson - PP : Jack Skille, Brett Sterling - PK : Cody Hodgson
Extra Defensemen
Normal : Shane Sims, Tyson Barrie, Logan Stephenson - PP : Shane Sims - PK : Tyson Barrie, Logan Stephenson
Penalty Shots
Rob Niedermayer, Niklas Hagman, Josh Hennessy, Stanislav Chistov, Sergei Kostitsyn

Wiprows

5 vs 5 Forward 
   Center                   Left Wing                Right Wing               Time % Phy DF OF 
 1 Nazem Kadri              Jiri Tlusty              T.J. Oshie               34     0   1  4  
 2 Nick Bonino              Drayson Bowman           Linden Vey               32     0   1  4  
 3 Jesse Winchester         Brandon Bollig           Jordan Szwarz            18     2   2  1  
 4 Maxime Macenauer         Matt Beleskey            Jonathan Tremblay        16     2   1  2  

5 vs 5 Defense 
   Defense                  Defense                                           Time % Phy DF OF 
 1 Matt Taormina            Arturs Kulda                                      37     2   1  2  
 2 Alec Martinez            Matt Donovan                                      35     1   2  2  
 3 Thomas Hickey            Kevin Connauton                                   26     2   2  1  
 4 Matt Donovan             Matt Taormina                                     2      1   1  3  

PowerPlay Forward 
   Center                   Left Wing                Right Wing               Time % Phy DF OF 
 1 Nazem Kadri              Jiri Tlusty              T.J. Oshie               55     0   0  5  
 2 Nick Bonino              Drayson Bowman           Linden Vey               45     0   0  5  

PowerPlay Defense
   Defense                  Defense                                           Time % Phy DF OF 
 1 Matt Taormina            Thomas Hickey                                     55     0   1  4  
 2 Matt Donovan             Kevin Connauton                                   45     0   1  4  

Penalty Kill 4 Players Forward 
   Center                   Wing                     Time % Phy DF OF 
 1 Jesse Winchester         Brandon Bollig           53     0   5  0  
 2 Maxime Macenauer         Jonathan Tremblay        47     0   5  0  

Penalty Kill 4 Players Defense
   Defense                  Defense                  Time % Phy DF OF 
 1 Arturs Kulda             Alec Martinez            53     0   5  0  
 2 Matt Donovan             Matt Taormina            47     0   5  0  

Penalty Kill - 3 Players Forward 
   Forward                                           Time % Phy DF OF 
 1 Nick Bonino                                       55     0   5  0  
 2 Nazem Kadri                                       45     0   5  0  

Penalty Kill - 3 Players Defense
   Defense                  Defense                  Time % Phy DF OF 
 1 Arturs Kulda             Alec Martinez            60     0   5  0  
 2 Matt Donovan             Matt Taormina            40     0   5  0  

4 vs 4 Forward 
   Center                   Wing                     Time % Phy DF OF 
 1 Nazem Kadri              T.J. Oshie               54     1   2  2  
 2 Nick Bonino              Jiri Tlusty              46     1   2  2  

4 vs 4 Defense
   Defense                  Defense                  Time % Phy DF OF 
 1 Matt Taormina            Alec Martinez            60     1   2  2  
 2 Matt Donovan             Arturs Kulda             40     1   2  2  

Last Minutes Offensive
   Center                   Left Wing                Right Wing               Defense                  Defense                  
   Nick Bonino              Nazem Kadri              Jiri Tlusty              Thomas Hickey            Matt Taormina            

Last Minutes Defensive
   Center                   Left Wing                Right Wing               Defense                  Defense                  
   Maxime Macenauer         Brandon Bollig           Jonathan Tremblay        Alec Martinez            Arturs Kulda             

Goaltenders
Starting : Al Montoya               
Backup : Thomas McCollum          

Extra Forwards
Normal : Nazem Kadri, Nick Bonino, T.J. Oshie - PP : Nick Bonino, T.J. Oshie - PK : Jonathan Tremblay
Extra Defensemen
Normal : Matt Taormina, Alec Martinez, Thomas Hickey - PP : Thomas Hickey - PK : Arturs Kulda, Matt Donovan
Penalty Shots
Jiri Tlusty, T.J. Oshie, Nazem Kadri, Brandon Bollig, Nick Bonino

% Time on Ice - Senators

Lines # - Real PCT - Wanted PCT - Time Play
Normal Forward
1 - 38% - 39% - 17:14
2 - 27% - 29% - 12:15
3 - 20% - 19% - 9:06
4 - 15% - 13% - 7:01
Normal Defense
1 - 41% - 40% - 18:50
2 - 34% - 30% - 15:21
3 - 21% - 20% - 9:39
4 - 4% - 10% - 1:46
PP Forward
1 - 56% - 60% - 4:45
2 - 44% - 40% - 3:42
PP Defense
1 - 65% - 60% - 5:31
2 - 35% - 40% - 2:56
PK Forward
1 - 74% - 60% - 4:24
2 - 26% - 40% - 1:33
PK Defense
1 - 60% - 60% - 3:33
2 - 40% - 40% - 2:24
PK3 Forward
1 - 0% - 60%
2 - 0% - 40%
PK3 Defense
1 - 0% - 60%
2 - 0% - 40%
44 Forward
1 - 0% - 60%
2 - 0% - 40%
44 Defense
1 - 0% - 60%
2 - 0% - 40%
Last Minute Offensive  - 0:00
Last Minute Defensive  - 0:00
Total
Forward - 60:00
Defense - 60:00

% Time on Ice - Wiprows

Lines # - Real PCT - Wanted PCT - Time Play
Normal Forward
1 - 36% - 34% - 16:20
2 - 33% - 32% - 15:01
3 - 16% - 18% - 7:30
4 - 15% - 16% - 6:45
Normal Defense
1 - 37% - 37% - 16:54
2 - 33% - 35% - 15:09
3 - 27% - 26% - 12:21
4 - 3% - 2% - 1:12
PP Forward
1 - 54% - 55% - 3:12
2 - 46% - 45% - 2:45
PP Defense
1 - 47% - 55% - 2:49
2 - 53% - 45% - 3:08
PK Forward
1 - 59% - 53% - 4:57
2 - 41% - 47% - 3:30
PK Defense
1 - 64% - 53% - 5:22
2 - 36% - 47% - 3:05
PK3 Forward
1 - 0% - 55%
2 - 0% - 45%
PK3 Defense
1 - 0% - 60%
2 - 0% - 40%
44 Forward
1 - 0% - 54%
2 - 0% - 46%
44 Defense
1 - 0% - 60%
2 - 0% - 40%
Last Minute Offensive  - 0:00
Last Minute Defensive  - 0:00
Total
Forward - 60:00
Defense - 60:00

Play by Play

1st period


0:01 of 1st period - Rob Niedermayer wins face-off versus Nazem Kadri in neutral zone.
0:10 of 1st period - Slapshot by Rob Niedermayer.
0:10 of 1st period - Stopped by Al Montoya without a rebound.
0:11 of 1st period - Nick Bonino wins face-off versus Josh Hennessy in Wiprows zone.
0:42 of 1st period - Snap shot by Matt Beleskey.
0:42 of 1st period - Shot Misses the Net.
0:44 of 1st period - Slapshot by Matt Donovan.
0:44 of 1st period - Stopped by Jacob Markstrom with a rebound.
0:50 of 1st period - Snap shot by Matt Beleskey.
0:50 of 1st period - Shot Misses the Net.
1:24 of 1st period - Wrist shot by Cody Hodgson.
1:24 of 1st period - Stopped by Al Montoya with a rebound.
2:27 of 1st period - Icing by Rob Niedermayer.
2:28 of 1st period - Nazem Kadri wins face-off versus Rob Niedermayer in Senators zone.
2:33 of 1st period - Wrist shot by Nazem Kadri.
2:33 of 1st period - Shot Misses the Net.
2:35 of 1st period - Slapshot by Thomas Hickey.
2:35 of 1st period - Shot Blocked by Vladimir Mihalik.
2:37 of 1st period - Wrist shot by T.J. Oshie.
2:37 of 1st period - Stopped by Jacob Markstrom with a rebound.
2:39 of 1st period - Wrist shot by T.J. Oshie.
2:39 of 1st period - Goal by T.J. Oshie - Senators : 0 - Wiprows : 1.
2:40 of 1st period - Nick Bonino wins face-off versus Cody Hodgson in neutral zone.
2:44 of 1st period - Off-side.
2:45 of 1st period - Nick Bonino wins face-off versus Cody Hodgson in neutral zone.
2:54 of 1st period - Drayson Bowman is hit by Cody Hodgson and loses puck.
3:17 of 1st period - Slapshot by Matt Taormina.
3:17 of 1st period - Stopped by Jacob Markstrom without a rebound.
3:18 of 1st period - Nazem Kadri wins face-off versus Erik Haula in Senators zone.
3:21 of 1st period - Wrist shot by Nazem Kadri.
3:21 of 1st period - Stopped by Jacob Markstrom with a rebound.
3:23 of 1st period - Snap shot by Nazem Kadri.
3:23 of 1st period - Shot Misses the Net.
3:25 of 1st period - Slapshot by Matt Donovan.
3:25 of 1st period - Deflect By Jiri Tlusty.
3:25 of 1st period - Shot Misses the Net.
3:25 of 1st period - Puck is out of play.
3:26 of 1st period - Nazem Kadri wins face-off versus Erik Haula in Senators zone.
3:35 of 1st period - Wrist shot by T.J. Oshie.
3:35 of 1st period - Deflect By Jiri Tlusty.
3:35 of 1st period - Stopped by Jacob Markstrom with a rebound.
3:37 of 1st period - Wrist shot by T.J. Oshie.
3:37 of 1st period - Stopped by Jacob Markstrom without a rebound.
3:38 of 1st period - Rob Niedermayer wins face-off versus Jesse Winchester in Senators zone.
5:30 of 1st period - Slapshot by Gabriel Bourque.
5:30 of 1st period - Shot Blocked by Arturs Kulda.
5:32 of 1st period - Backhand shot by Erik Karlsson.
5:32 of 1st period - Shot Misses the Net.
5:52 of 1st period - Slapshot by Drayson Bowman.
5:52 of 1st period - Stopped by Jacob Markstrom without a rebound.
5:53 of 1st period - Nick Bonino wins face-off versus Cody Hodgson in Senators zone.
5:54 of 1st period - Slapshot by Drayson Bowman.
5:54 of 1st period - Shot Blocked by Brett Sterling.
6:16 of 1st period - Matt Donovan is hit by Rob Niedermayer and loses puck.
6:21 of 1st period - Wrist shot by Stanislav Chistov.
6:21 of 1st period - Goal by Stanislav Chistov - Senators : 1 - Wiprows : 1.
6:22 of 1st period - Nazem Kadri wins face-off versus Rob Niedermayer in neutral zone.
6:35 of 1st period - Snap shot by T.J. Oshie.
6:35 of 1st period - Stopped by Jacob Markstrom without a rebound.
6:36 of 1st period - Josh Hennessy wins face-off versus Nazem Kadri in Senators zone.
7:01 of 1st period - Thomas Hickey is hit by Vladimir Mihalik and loses puck.
7:42 of 1st period - Off-side.
7:43 of 1st period - Jesse Winchester wins face-off versus Cody Hodgson in neutral zone.
8:56 of 1st period - Snap shot by Gabriel Bourque.
8:56 of 1st period - Deflect By Zack Kassian.
8:56 of 1st period - Shot Blocked by Matt Taormina.
8:56 of 1st period - Puck is out of play.
8:57 of 1st period - Rob Niedermayer wins face-off versus Maxime Macenauer in Wiprows zone.
9:00 of 1st period - Slapshot by Rob Niedermayer.
9:00 of 1st period - Shot Misses the Net.
9:02 of 1st period - Snap shot by Rob Niedermayer.
9:02 of 1st period - Stopped by Al Montoya with a rebound.
9:06 of 1st period - Wrist shot by Stanislav Chistov.
9:06 of 1st period - Deflect By Niklas Hagman.
9:06 of 1st period - Shot Misses the Net.
9:06 of 1st period - Puck is out of play.
9:07 of 1st period - Rob Niedermayer wins face-off versus Nazem Kadri in Wiprows zone.
9:12 of 1st period - Snap shot by Stanislav Chistov.
9:12 of 1st period - Stopped by Al Montoya with a rebound.
9:25 of 1st period - Off-side.
9:26 of 1st period - Nick Bonino wins face-off versus Josh Hennessy in neutral zone.
9:29 of 1st period - Steven Goertzen is hit by Matt Donovan and loses puck.
10:10 of 1st period - Slapshot by Drayson Bowman.
10:10 of 1st period - Shot Misses the Net.
10:12 of 1st period - Snap shot by Nick Bonino.
10:12 of 1st period - Shot Misses the Net.
10:14 of 1st period - Snap shot by Linden Vey.
10:14 of 1st period - Shot Misses the Net.
10:16 of 1st period - Slapshot by Alec Martinez.
10:16 of 1st period - Shot Blocked by Josh Hennessy.
10:18 of 1st period - Slapshot by Alec Martinez.
10:18 of 1st period - Shot Blocked by Erik Karlsson.
10:22 of 1st period - Snap shot by Nick Bonino.
10:22 of 1st period - Stopped by Jacob Markstrom without a rebound.
10:23 of 1st period - Jiri Tlusty wins face-off versus Rob Niedermayer in Senators zone.
10:38 of 1st period - Backhand shot by T.J. Oshie.
10:38 of 1st period - Stopped by Jacob Markstrom with a rebound.
11:43 of 1st period - Slapshot by Stanislav Chistov.
11:43 of 1st period - Stopped by Al Montoya without a rebound.
11:44 of 1st period - Nazem Kadri wins face-off versus Cody Hodgson in Wiprows zone.
11:54 of 1st period - Off-side.
11:55 of 1st period - Nazem Kadri wins face-off versus Cody Hodgson in neutral zone.
12:06 of 1st period - Vladimir Mihalik is hit by T.J. Oshie and loses puck.
12:25 of 1st period - Snap shot by Sergei Kostitsyn.
12:25 of 1st period - Stopped by Al Montoya without a rebound.
12:26 of 1st period - Nick Bonino wins face-off versus Josh Hennessy in Wiprows zone.
12:35 of 1st period - Slapshot by Nick Bonino.
12:35 of 1st period - Goal by Nick Bonino - Senators : 1 - Wiprows : 2.
12:36 of 1st period - Nazem Kadri wins face-off versus Erik Haula in neutral zone.
13:03 of 1st period - Niklas Hagman is hit by Arturs Kulda and loses puck.
13:26 of 1st period - Snap shot by Drayson Bowman.
13:26 of 1st period - Shot Misses the Net.
13:28 of 1st period - Slapshot by Arturs Kulda.
13:28 of 1st period - Shot Misses the Net.
13:51 of 1st period - Minor Penalty to Jordan Szwarz for Elbowing.
13:52 of 1st period - Rob Niedermayer wins face-off versus Jesse Winchester in Wiprows zone.
13:52 of 1st period - Wrist shot by Stanislav Chistov.
13:52 of 1st period - Stopped by Al Montoya without a rebound.
13:53 of 1st period - Rob Niedermayer wins face-off versus Jesse Winchester in Wiprows zone.
14:48 of 1st period - Stanislav Chistov is hit by Matt Taormina and loses puck.
15:51 of 1st period - Penalty to Jordan Szwarz is over, Jordan Szwarz is back on ice.
15:57 of 1st period - Snap shot by Jack Skille.
15:57 of 1st period - Shot Misses the Net.
16:19 of 1st period - Icing by Alec Martinez.
16:20 of 1st period - Cody Hodgson wins face-off versus Jonathan Tremblay in Wiprows zone.
16:45 of 1st period - Alec Martinez is hit by Rob Niedermayer.
16:57 of 1st period - Jonathan Tremblay is hit by Rob Niedermayer and loses puck.
17:20 of 1st period - Slapshot by Zack Kassian.
17:20 of 1st period - Stopped by Al Montoya with a rebound.
17:42 of 1st period - Snap shot by Nazem Kadri.
17:42 of 1st period - Shot Misses the Net.
17:52 of 1st period - Slapshot by Cody Hodgson.
17:52 of 1st period - Stopped by Al Montoya with a rebound.
18:12 of 1st period - Rob Niedermayer is hit by Jiri Tlusty and loses puck.
18:32 of 1st period - Off-side.
18:33 of 1st period - Rob Niedermayer wins face-off versus Nick Bonino in neutral zone.
18:35 of 1st period - Off-side.
18:36 of 1st period - Nick Bonino wins face-off versus Rob Niedermayer in neutral zone.
18:39 of 1st period - Snap shot by Drayson Bowman.
18:39 of 1st period - Stopped by Jacob Markstrom with a rebound.
18:45 of 1st period - Nick Bonino is hit by Logan Stephenson and loses puck.
19:24 of 1st period - Backhand shot by Cody Hodgson.
19:24 of 1st period - Stopped by Al Montoya without a rebound.
19:25 of 1st period - Jesse Winchester wins face-off versus Cody Hodgson in Wiprows zone.
19:30 of 1st period - Slapshot by Brett Sterling.
19:30 of 1st period - Shot Misses the Net.
19:32 of 1st period - Snap shot by Jack Skille.
19:32 of 1st period - Stopped by Al Montoya with a rebound.
19:34 of 1st period - Wrist shot by Brett Sterling.
19:34 of 1st period - Stopped by Al Montoya with a rebound.
19:36 of 1st period - Snap shot by Brett Sterling.
19:36 of 1st period - Shot Misses the Net.
19:38 of 1st period - Slapshot by Shane Sims.
19:38 of 1st period - Deflect By Jack Skille.
19:38 of 1st period - Senators goal is going for a video replay.
19:38 of 1st period - The goal is good.
19:38 of 1st period - Goal by Jack Skille - Senators : 2 - Wiprows : 2.
19:39 of 1st period - Nazem Kadri wins face-off versus Rob Niedermayer in neutral zone.
Goals for this period are 2 for Senators vs 2 for Wiprows.
Shots for this period are 14 for Senators vs 13 for Wiprows.

2nd period


0:01 of 2nd period - Rob Niedermayer wins face-off versus Nazem Kadri in neutral zone.
0:33 of 2nd period - Brandon Bollig is hit by Logan Stephenson and loses puck.
1:02 of 2nd period - Icing by Niklas Hagman.
1:03 of 2nd period - Nick Bonino wins face-off versus Josh Hennessy in Senators zone.
1:08 of 2nd period - Snap shot by Nick Bonino.
1:08 of 2nd period - Shot Misses the Net.
1:49 of 2nd period - Jonathan Tremblay is hit by Vladimir Mihalik and loses puck.
1:56 of 2nd period - Wrist shot by Zack Kassian.
1:56 of 2nd period - Stopped by Al Montoya without a rebound.
1:57 of 2nd period - Josh Hennessy wins face-off versus Jesse Winchester in Wiprows zone.
2:39 of 2nd period - Jiri Tlusty is hit by Milan Jurcina and loses puck.
2:50 of 2nd period - Snap shot by Jack Skille.
2:50 of 2nd period - Stopped by Al Montoya without a rebound.
2:51 of 2nd period - Rob Niedermayer wins face-off versus Maxime Macenauer in Wiprows zone.
3:00 of 2nd period - Snap shot by Niklas Hagman.
3:00 of 2nd period - Shot Misses the Net.
3:22 of 2nd period - Wrist shot by Sergei Kostitsyn.
3:22 of 2nd period - Goal by Sergei Kostitsyn - Senators : 3 - Wiprows : 2.
3:23 of 2nd period - Nazem Kadri wins face-off versus Rob Niedermayer in neutral zone.
3:31 of 2nd period - Milan Jurcina is hit by Matt Taormina and loses puck.
4:10 of 2nd period - Wrist shot by Nick Bonino.
4:10 of 2nd period - Deflect By Drayson Bowman.
4:10 of 2nd period - Stopped by Jacob Markstrom with a rebound.
4:18 of 2nd period - Snap shot by Zack Kassian.
4:18 of 2nd period - Goal by Zack Kassian - Senators : 4 - Wiprows : 2.
4:19 of 2nd period - Nazem Kadri wins face-off versus Rob Niedermayer in neutral zone.
4:49 of 2nd period - Minor Penalty to Milan Jurcina for Tripping.
4:50 of 2nd period - Rob Niedermayer wins face-off versus Nazem Kadri in Senators zone.
4:58 of 2nd period - Snap shot by Niklas Hagman.
4:58 of 2nd period - Stopped by Al Montoya without a rebound.
4:59 of 2nd period - Nazem Kadri wins face-off versus Rob Niedermayer in Wiprows zone.
5:04 of 2nd period - Vladimir Mihalik is hit by T.J. Oshie and loses puck.
5:16 of 2nd period - Off-side.
5:17 of 2nd period - Nick Bonino wins face-off versus Rob Niedermayer in neutral zone.
5:22 of 2nd period - Wrist shot by Matt Taormina.
5:22 of 2nd period - Shot Misses the Net.
5:24 of 2nd period - Wrist shot by Linden Vey.
5:24 of 2nd period - Shot Misses the Net.
5:26 of 2nd period - Wrist shot by Nick Bonino.
5:26 of 2nd period - Deflect By Linden Vey.
5:26 of 2nd period - Stopped by Jacob Markstrom with a rebound.
5:28 of 2nd period - Slapshot by Matt Taormina.
5:28 of 2nd period - Stopped by Jacob Markstrom with a rebound.
5:30 of 2nd period - Snap shot by Matt Taormina.
5:30 of 2nd period - Shot Misses the Net.
5:32 of 2nd period - Slapshot by Matt Taormina.
5:32 of 2nd period - Stopped by Jacob Markstrom with a rebound.
5:42 of 2nd period - Vladimir Mihalik is hit by Nazem Kadri and loses puck.
5:51 of 2nd period - Snap shot by Jiri Tlusty.
5:51 of 2nd period - Shot Blocked by Vladimir Mihalik.
6:49 of 2nd period - Penalty to Milan Jurcina is over, Milan Jurcina is back on ice.
6:58 of 2nd period - Wrist shot by Milan Jurcina.
6:58 of 2nd period - Stopped by Al Montoya without a rebound.
6:59 of 2nd period - Josh Hennessy wins face-off versus Maxime Macenauer in Wiprows zone.
7:06 of 2nd period - Wrist shot by Steven Goertzen.
7:06 of 2nd period - Goal by Steven Goertzen - Senators : 5 - Wiprows : 2.
7:06 of 2nd period - Thomas McCollum enters game.
7:07 of 2nd period - Rob Niedermayer wins face-off versus Nazem Kadri in neutral zone.
7:18 of 2nd period - Slapshot by Nazem Kadri.
7:18 of 2nd period - Stopped by Jacob Markstrom with a rebound.
7:20 of 2nd period - Snap shot by Nazem Kadri.
7:20 of 2nd period - Deflect By Niklas Hagman.
7:20 of 2nd period - Shot Misses the Net.
7:20 of 2nd period - Puck is out of play.
7:21 of 2nd period - Josh Hennessy wins face-off versus Nick Bonino in Senators zone.
7:34 of 2nd period - Slapshot by Steven Goertzen.
7:34 of 2nd period - Stopped by Thomas McCollum with a rebound.
7:36 of 2nd period - Slapshot by Sergei Kostitsyn.
7:36 of 2nd period - Goal by Sergei Kostitsyn - Senators : 6 - Wiprows : 2.
7:37 of 2nd period - Nazem Kadri wins face-off versus Stanislav Chistov in neutral zone.
7:42 of 2nd period - Snap shot by T.J. Oshie.
7:42 of 2nd period - Shot Misses the Net.
8:02 of 2nd period - Linden Vey is hit by Josh Hennessy and loses puck.
8:12 of 2nd period - Minor Penalty to Linden Vey for Holding.
8:13 of 2nd period - Jesse Winchester wins face-off versus Rob Niedermayer in Wiprows zone.
8:25 of 2nd period - Snap shot by Niklas Hagman.
8:25 of 2nd period - Deflect By Stanislav Chistov.
8:25 of 2nd period - Goal by Stanislav Chistov - Senators : 7 - Wiprows : 2.
8:26 of 2nd period - Nazem Kadri wins face-off versus Rob Niedermayer in neutral zone.
9:00 of 2nd period - Snap shot by Steven Goertzen.
9:00 of 2nd period - Stopped by Thomas McCollum without a rebound.
9:01 of 2nd period - Rob Niedermayer wins face-off versus Jesse Winchester in Wiprows zone.
9:15 of 2nd period - Minor Penalty to Jordan Szwarz for Roughing.
9:16 of 2nd period - Rob Niedermayer wins face-off versus Jesse Winchester in Wiprows zone.
9:48 of 2nd period - Arturs Kulda is hit by Vladimir Mihalik and loses puck.
11:15 of 2nd period - Penalty to Jordan Szwarz is over, Jordan Szwarz is back on ice.
11:59 of 2nd period - Minor Penalty to Kevin Connauton for Roughing.
12:00 of 2nd period - Sergei Kostitsyn wins face-off versus Jesse Winchester in Wiprows zone.
12:26 of 2nd period - Rob Niedermayer is hit by Jesse Winchester and loses puck.
13:07 of 2nd period - Wrist shot by Matt Donovan.
13:07 of 2nd period - Shot Misses the Net.
13:39 of 2nd period - Alec Martinez is hit by Vladimir Mihalik and loses puck.
13:59 of 2nd period - Penalty to Kevin Connauton is over, Kevin Connauton is back on ice.
14:02 of 2nd period - Snap shot by Nazem Kadri.
14:02 of 2nd period - Shot Blocked by Erik Karlsson.
14:04 of 2nd period - Backhand shot by Arturs Kulda.
14:04 of 2nd period - Deflect By Logan Stephenson.
14:04 of 2nd period - Stopped by Jacob Markstrom without a rebound.
14:05 of 2nd period - Nazem Kadri wins face-off versus Erik Haula in Senators zone.
14:30 of 2nd period - Nick Bonino is hit by Jack Skille and loses puck.
14:38 of 2nd period - Off-side.
14:39 of 2nd period - Nazem Kadri wins face-off versus Rob Niedermayer in neutral zone.
15:36 of 2nd period - Drayson Bowman is hit by Milan Jurcina and loses puck.
15:42 of 2nd period - Minor Penalty to Steven Goertzen for Diving.
15:43 of 2nd period - Nick Bonino wins face-off versus Rob Niedermayer in Senators zone.
16:26 of 2nd period - Stanislav Chistov is hit by T.J. Oshie and loses puck.
17:07 of 2nd period - Thomas Hickey is hit by Vladimir Mihalik and loses puck.
17:31 of 2nd period - Stanislav Chistov is hit by Matt Taormina and loses puck.
17:42 of 2nd period - Penalty to Steven Goertzen is over, Steven Goertzen is back on ice.
17:42 of 2nd period - Erik Karlsson is hit by Jesse Winchester.
17:52 of 2nd period - Snap shot by Matt Beleskey.
17:52 of 2nd period - Stopped by Jacob Markstrom without a rebound.
17:53 of 2nd period - Cody Hodgson wins face-off versus Maxime Macenauer in Senators zone.
17:55 of 2nd period - Alec Martinez and Jack Skille fight to a draw.
17:55 of 2nd period - Penalty to Alec Martinez for Fighting.
17:55 of 2nd period - Penalty to Jack Skille for Fighting.
17:56 of 2nd period - Rob Niedermayer wins face-off versus Nick Bonino in neutral zone.
18:01 of 2nd period - Wrist shot by Niklas Hagman.
18:01 of 2nd period - Goal by Niklas Hagman - Senators : 8 - Wiprows : 2.
18:02 of 2nd period - Nazem Kadri wins face-off versus Rob Niedermayer in neutral zone.
18:40 of 2nd period - Off-side.
18:41 of 2nd period - Josh Hennessy wins face-off versus Jesse Winchester in neutral zone.
19:06 of 2nd period - Niklas Hagman is hit by Nick Bonino and loses puck.
19:29 of 2nd period - Cody Hodgson is hit by Arturs Kulda and loses puck.
19:42 of 2nd period - Slapshot by T.J. Oshie.
19:42 of 2nd period - Stopped by Jacob Markstrom without a rebound.
19:43 of 2nd period - Jesse Winchester wins face-off versus Josh Hennessy in Senators zone.
19:56 of 2nd period - Slapshot by Jesse Winchester.
19:56 of 2nd period - Stopped by Jacob Markstrom without a rebound.
19:57 of 2nd period - Rob Niedermayer wins face-off versus Nazem Kadri in Senators zone.
19:57 of 2nd period - Rob Niedermayer is hit by T.J. Oshie.
Goals for this period are 6 for Senators vs 0 for Wiprows.
Shots for this period are 12 for Senators vs 9 for Wiprows.

3rd period


0:01 of 3rd period - Rob Niedermayer wins face-off versus Nick Bonino in neutral zone.
0:51 of 3rd period - Backhand shot by Nazem Kadri.
0:51 of 3rd period - Stopped by Jacob Markstrom without a rebound.
0:52 of 3rd period - Nick Bonino wins face-off versus Erik Haula in Senators zone.
0:57 of 3rd period - Snap shot by Nick Bonino.
0:57 of 3rd period - Deflect By Zack Kassian.
0:57 of 3rd period - Shot Misses the Net.
0:57 of 3rd period - Puck is out of play.
0:58 of 3rd period - Rob Niedermayer wins face-off versus Nick Bonino in Senators zone.
0:58 of 3rd period - Rob Niedermayer is hit by Thomas Hickey.
1:03 of 3rd period - Vladimir Mihalik is hit by Thomas Hickey and loses puck.
1:22 of 3rd period - Minor Penalty to Nick Bonino for Hooking.
1:23 of 3rd period - Rob Niedermayer wins face-off versus Jesse Winchester in Wiprows zone.
1:26 of 3rd period - Snap shot by Stanislav Chistov.
1:26 of 3rd period - Deflect By Rob Niedermayer.
1:26 of 3rd period - Shot Misses the Net.
1:26 of 3rd period - Puck is out of play.
1:27 of 3rd period - Rob Niedermayer wins face-off versus Jesse Winchester in Wiprows zone.
1:28 of 3rd period - Snap shot by Stanislav Chistov.
1:28 of 3rd period - Shot Blocked by Arturs Kulda.
1:40 of 3rd period - Snap shot by Rob Niedermayer.
1:40 of 3rd period - Goal by Rob Niedermayer - Senators : 9 - Wiprows : 2.
1:41 of 3rd period - Stanislav Chistov wins face-off versus Nazem Kadri in neutral zone.
1:44 of 3rd period - Slapshot by Milan Jurcina.
1:44 of 3rd period - Deflect By Matt Donovan.
1:44 of 3rd period - Stopped by Thomas McCollum without a rebound.
1:45 of 3rd period - Nazem Kadri wins face-off versus Rob Niedermayer in Wiprows zone.
2:10 of 3rd period - Matt Taormina is hit by Sergei Kostitsyn and loses puck.
2:15 of 3rd period - Slapshot by Sergei Kostitsyn.
2:15 of 3rd period - Stopped by Thomas McCollum with a rebound.
2:17 of 3rd period - Wrist shot by Sergei Kostitsyn.
2:17 of 3rd period - Shot Misses the Net.
2:19 of 3rd period - Slapshot by Vladimir Mihalik.
2:19 of 3rd period - Shot Misses the Net.
3:01 of 3rd period - Erik Karlsson is hit by Brandon Bollig and loses puck.
3:33 of 3rd period - Snap shot by Rob Niedermayer.
3:33 of 3rd period - Stopped by Thomas McCollum with a rebound.
3:35 of 3rd period - Wrist shot by Erik Karlsson.
3:35 of 3rd period - Shot Misses the Net.
3:37 of 3rd period - Snap shot by Niklas Hagman.
3:37 of 3rd period - Shot Misses the Net.
3:39 of 3rd period - Wrist shot by Stanislav Chistov.
3:39 of 3rd period - Stopped by Thomas McCollum with a rebound.
3:57 of 3rd period - Snap shot by Niklas Hagman.
3:57 of 3rd period - Stopped by Thomas McCollum with a rebound.
4:03 of 3rd period - Snap shot by Niklas Hagman.
4:03 of 3rd period - Stopped by Thomas McCollum with a rebound.
4:05 of 3rd period - Snap shot by Stanislav Chistov.
4:05 of 3rd period - Shot Misses the Net.
4:07 of 3rd period - Slapshot by Logan Stephenson.
4:07 of 3rd period - Shot Blocked by Nazem Kadri.
4:09 of 3rd period - Wrist shot by Stanislav Chistov.
4:09 of 3rd period - Stopped by Thomas McCollum with a rebound.
4:11 of 3rd period - Wrist shot by Niklas Hagman.
4:11 of 3rd period - Stopped by Thomas McCollum with a rebound.
4:13 of 3rd period - Slapshot by Erik Karlsson.
4:13 of 3rd period - Shot Blocked by Kevin Connauton.
4:29 of 3rd period - Slapshot by Niklas Hagman.
4:29 of 3rd period - Stopped by Thomas McCollum with a rebound.
4:35 of 3rd period - Snap shot by Stanislav Chistov.
4:35 of 3rd period - Stopped by Thomas McCollum without a rebound.
4:36 of 3rd period - Linden Vey wins face-off versus Josh Hennessy in Wiprows zone.
4:47 of 3rd period - Snap shot by Drayson Bowman.
4:47 of 3rd period - Shot Misses the Net.
4:49 of 3rd period - Slapshot by Arturs Kulda.
4:49 of 3rd period - Shot Misses the Net.
5:01 of 3rd period - Maxime Macenauer is hit by Vladimir Mihalik and loses puck.
5:22 of 3rd period - Slapshot by Jordan Szwarz.
5:22 of 3rd period - Shot Misses the Net.
5:45 of 3rd period - Wrist shot by Nick Bonino.
5:45 of 3rd period - Stopped by Jacob Markstrom with a rebound.
6:12 of 3rd period - Maxime Macenauer is hit by Milan Jurcina and loses puck.
6:25 of 3rd period - Snap shot by Jesse Winchester.
6:25 of 3rd period - Shot Blocked by Erik Haula.
6:27 of 3rd period - Slapshot by Arturs Kulda.
6:27 of 3rd period - Deflect By Brandon Bollig.
6:27 of 3rd period - Stopped by Jacob Markstrom with a rebound.
6:31 of 3rd period - Wrist shot by Brandon Bollig.
6:31 of 3rd period - Stopped by Jacob Markstrom without a rebound.
6:32 of 3rd period - Nazem Kadri wins face-off versus Josh Hennessy in Senators zone.
6:33 of 3rd period - Wrist shot by T.J. Oshie.
6:33 of 3rd period - Shot Misses the Net.
6:35 of 3rd period - Slapshot by Thomas Hickey.
6:35 of 3rd period - Shot Misses the Net.
6:45 of 3rd period - Jiri Tlusty is hit by Josh Hennessy and loses puck.
7:18 of 3rd period - Brandon Bollig is hit by Tyson Barrie and loses puck.
7:29 of 3rd period - Snap shot by Brett Sterling.
7:29 of 3rd period - Stopped by Thomas McCollum with a rebound.
7:59 of 3rd period - T.J. Oshie is hit by Rob Niedermayer and loses puck.
8:07 of 3rd period - Slapshot by Alec Martinez.
8:07 of 3rd period - Deflect By Milan Jurcina.
8:07 of 3rd period - Stopped by Jacob Markstrom without a rebound.
8:08 of 3rd period - Nick Bonino wins face-off versus Cody Hodgson in Senators zone.
8:33 of 3rd period - Erik Karlsson is hit by Arturs Kulda and loses puck.
8:42 of 3rd period - Wrist shot by Nazem Kadri.
8:42 of 3rd period - Shot Misses the Net.
8:44 of 3rd period - Slapshot by T.J. Oshie.
8:44 of 3rd period - Shot Misses the Net.
9:00 of 3rd period - Wrist shot by Jonathan Tremblay.
9:00 of 3rd period - Shot Blocked by Sergei Kostitsyn.
9:20 of 3rd period - Wrist shot by Gabriel Bourque.
9:20 of 3rd period - Shot Misses the Net.
9:22 of 3rd period - Wrist shot by Zack Kassian.
9:22 of 3rd period - Stopped by Thomas McCollum without a rebound.
9:23 of 3rd period - Erik Haula wins face-off versus Nick Bonino in Wiprows zone.
9:40 of 3rd period - Arturs Kulda is hit by Zack Kassian and loses puck.
10:01 of 3rd period - Wrist shot by Nick Bonino.
10:01 of 3rd period - Deflect By Drayson Bowman.
10:01 of 3rd period - Goal by Drayson Bowman - Senators : 9 - Wiprows : 3.
10:02 of 3rd period - Rob Niedermayer wins face-off versus Jiri Tlusty in neutral zone.
10:13 of 3rd period - Snap shot by Rob Niedermayer.
10:13 of 3rd period - Shot Misses the Net.
10:15 of 3rd period - Snap shot by Rob Niedermayer.
10:15 of 3rd period - Stopped by Thomas McCollum with a rebound.
10:17 of 3rd period - Slapshot by Stanislav Chistov.
10:17 of 3rd period - Stopped by Thomas McCollum without a rebound.
10:18 of 3rd period - Nick Bonino wins face-off versus Josh Hennessy in Wiprows zone.
10:20 of 3rd period - Minor Penalty to Nick Bonino for Holding.
10:21 of 3rd period - Rob Niedermayer wins face-off versus Jesse Winchester in Wiprows zone.
10:21 of 3rd period - Slapshot by Niklas Hagman.
10:21 of 3rd period - Stopped by Thomas McCollum with a rebound.
10:23 of 3rd period - Snap shot by Stanislav Chistov.
10:23 of 3rd period - Stopped by Thomas McCollum without a rebound.
10:24 of 3rd period - Jesse Winchester wins face-off versus Rob Niedermayer in Wiprows zone.
10:31 of 3rd period - Brandon Bollig is hit by Niklas Hagman and loses puck.
10:40 of 3rd period - Snap shot by Stanislav Chistov.
10:40 of 3rd period - Stopped by Thomas McCollum without a rebound.
10:41 of 3rd period - Josh Hennessy wins face-off versus Jesse Winchester in Wiprows zone.
11:10 of 3rd period - Stanislav Chistov is hit by Brandon Bollig and loses puck.
12:20 of 3rd period - Penalty to Nick Bonino is over, Nick Bonino is back on ice.
12:33 of 3rd period - Wrist shot by Jack Skille.
12:33 of 3rd period - Stopped by Thomas McCollum with a rebound.
12:35 of 3rd period - Slapshot by Milan Jurcina.
12:35 of 3rd period - Stopped by Thomas McCollum with a rebound.
12:37 of 3rd period - Slapshot by Vladimir Mihalik.
12:37 of 3rd period - Stopped by Thomas McCollum with a rebound.
12:48 of 3rd period - Icing by Shane Sims.
12:49 of 3rd period - Nazem Kadri wins face-off versus Erik Haula in Senators zone.
13:21 of 3rd period - Snap shot by Thomas Hickey.
13:21 of 3rd period - Stopped by Jacob Markstrom with a rebound.
13:23 of 3rd period - Snap shot by Jonathan Tremblay.
13:23 of 3rd period - Goal by Jonathan Tremblay - Senators : 9 - Wiprows : 4.
13:24 of 3rd period - Rob Niedermayer wins face-off versus Nick Bonino in neutral zone.
13:46 of 3rd period - Icing by Nick Bonino.
13:47 of 3rd period - Steven Goertzen wins face-off versus Nazem Kadri in Wiprows zone.
14:34 of 3rd period - Jesse Winchester is hit by Jack Skille and loses puck.
14:43 of 3rd period - Snap shot by Thomas Hickey.
14:43 of 3rd period - Shot Blocked by Milan Jurcina.
14:55 of 3rd period - Zack Kassian is hit by Jonathan Tremblay and loses puck.
15:02 of 3rd period - Snap shot by Jonathan Tremblay.
15:02 of 3rd period - Goal by Jonathan Tremblay - Senators : 9 - Wiprows : 5.
15:03 of 3rd period - Rob Niedermayer wins face-off versus Nick Bonino in neutral zone.
15:08 of 3rd period - Drayson Bowman is hit by Logan Stephenson and loses puck.
15:15 of 3rd period - Slapshot by Alec Martinez.
15:15 of 3rd period - Stopped by Jacob Markstrom with a rebound.
15:17 of 3rd period - Snap shot by Linden Vey.
15:17 of 3rd period - Stopped by Jacob Markstrom without a rebound.
15:18 of 3rd period - Nazem Kadri wins face-off versus Josh Hennessy in Senators zone.
15:21 of 3rd period - Snap shot by Nazem Kadri.
15:21 of 3rd period - Shot Blocked by Josh Hennessy.
15:25 of 3rd period - Slapshot by T.J. Oshie.
15:25 of 3rd period - Shot Blocked by Vladimir Mihalik.
15:50 of 3rd period - Slapshot by Erik Karlsson.
15:50 of 3rd period - Stopped by Thomas McCollum with a rebound.
16:54 of 3rd period - Off-side.
16:55 of 3rd period - Maxime Macenauer wins face-off versus Erik Haula in neutral zone.
17:52 of 3rd period - Minor Penalty to Cody Hodgson for Holding.
17:53 of 3rd period - Nazem Kadri wins face-off versus Rob Niedermayer in Senators zone.
18:42 of 3rd period - Rob Niedermayer is hit by Thomas Hickey and loses puck.
18:53 of 3rd period - Slapshot by Logan Stephenson.
18:53 of 3rd period - Shot Blocked by Matt Taormina.
19:52 of 3rd period - Penalty to Cody Hodgson is over, Cody Hodgson is back on ice.
19:59 of 3rd period - Slapshot by Sergei Kostitsyn.
19:59 of 3rd period - Shot Blocked by Arturs Kulda.
Goals for this period are 1 for Senators vs 3 for Wiprows.
Shots for this period are 22 for Senators vs 11 for Wiprows.


Output by the SimonT Hockey Simulator (STHS) for François Prévost -- Original Page W3C XHTML 1.0 Valid
Hockey Simulator - Hockey Simulation - Hockey Manager